[Event "*** Titled Tuesday Blitz"]
[Site "Chess.com"]
[Date "2021.03.02"]
[Round "1"]
[White "Euwe1234"]
[Black "ViditYT"]
[Result "0-1"]
[WhiteElo "2469"]
[BlackElo "2978"]
[TimeControl "180+1"]
[EndTime "10:08:52 PST"]
[Termination "ViditYT won by resignation"]

1. e4 c5 2. Nf3 d6 3. Bb5+ Nd7 4. O-O a6 5. Bd3 Ngf6 6. c3 e6 7. Bc2 c4 8. b3 b5 9. a4 Bb7 10.
Qe2 cxb3 11. Bxb3 Bxe4 12. axb5 axb5 13. Na3 Be7 14. Bb2 Nc5 15. Qxb5+ Nfd7 16. Qb4 Rb8 17.
Nb5 Nxb3 18. Qxb3 Nc5 19. Qb4 Bd3 20. c4 Bxf1 21. Rxf1 O-O 22. Qc3 Bf6 23. d4 Na4 24. Qc2 Nxb2 25. Qxb2 Qb6 26. Rb1 Rfc8 27. Qe2 Qc6 28.
Nd2 Bxd4 29. Nxd4 Rxb1+ 30. Nxb1 Qxc4 31. Qxc4 Rxc4 32. Nb3 Rc2 33. N1d2 d5 34. f4 Kf8 35. Kf2 Ke7 36. Ke3 Kd6 37. Kd3 Rc8 38. Nd4 f6 39. N2f3 Rb8 40. g4 Rb2 41. h4 Ra2 42. g5 Ra3+ 43.
Ke2 Ra2+ 44. Ke3 Ra4 45. h5 h6 46. gxh6 gxh6 47. Kf2 Ke7 48. Ke3 Ra3+ 49. Kf2 Ra2+ 50. Ke3 Rg2 51. Ne2 Kd6 52. Ned4 Rg4 53. Ne2 Rg8 54.
Kf2 e5 55. Ng3 Ke6 56. fxe5 fxe5 57. Nh4 Rg4 58. Ng6 d4 59. Kf3 Rg5 60. Nf8+ Kd5 61. Ng6 d3 62. Ne4 Rf5+ 63. Ke3 Rf1 64. Kxd3 Rf3+ 65.
Ke2 Kxe4 66. Ne7 Re3+ 67. Kf2 Rh3 68. Ng8 Kf4 69. Ne7 Rxh5 70. Ng6+ Kf5 71. Ne7+ Ke4 72. Nd5 Kxd5 0-1

[Event "*** Titled Tuesday Blitz"]
[Site "Chess.com"]
[Date "2021.03.02"]
[Round "1"]
[White "DenLaz"]
[Black "Lion-Al-Messi"]
[Result "1-0"]
[WhiteElo "2835"]
[BlackElo "2424"]
[TimeControl "180+1"]
[EndTime "10:09:03 PST"]
[Termination "DenLaz won by resignation"]

1. d4 d5 2. c4 c6 3. Nf3 Nf6 4.
e3 e6 5. b3 Nbd7 6. Bd3 Bb4+ 7.
Nbd2 e5 8. dxe5 Bc3 9. Ba3 Nxe5 10. Nxe5 Bxe5 11. Rb1 Qa5 12. Qc1 Bc3 13. Bb2 Bxb2 14.
Qxb2 O-O 15. O-O Bg4 16. h3 Bh5 17. cxd5 Nxd5 18. b4 Qc7 19. Ne4 Bg6 20. Rfc1 Rad8 21. Bc2 Rfe8 22. Nc5 Qe7 23. Bxg6 hxg6 24. a3 Rd6 25. Nb3 Rf6 26. Re1 Nb6 27. Na5 Rd8 28. Rbd1 Rfd6 29. Rxd6 Rxd6 30. Qc3 Nd5 31. Qc4 Qc7 32.
g3 Nf6 33. Qf4 Qd7 34. Kg2 b6 35. Nc4 Re6 36. Qf3 Qd3 37. Qe2 Qc3 38. Rd1 Nd5 39. Qd3 Qf6 40. e4 Ne7 41. f4 c5 42. e5 Qf5 43.
Qxf5 Nxf5 44. bxc5 bxc5 45. Rd8+ Kh7 46. Rd7 Ra6 47.
Rxf7 Ra4 48. Nd6 Nxd6 49. exd6 Rxa3 50. Kf2 Rd3 51. d7 a5 52. Ke2 Rd4 53. Rf8 Rxd7 54.
Ra8 Re7+ 55. Kf3 Rb7 56. Rxa5 Rb3+ 57. Kg4 c4 58. Rc5 Rc3 59. h4 Kg8 60. Rc6 Kf7 61.
Rc8 Ke6 62. Rc7 Kf6 63. Rc6+ Kf7 64. Rc5 Kf6 65. Rc8 Kf7 66. Rc6 Rc1 67. Kg5 Rg1 68.
g4 Rc1 69. Rc7+ Ke6 70. Kxg6 Kd5 71. f5 Rg1 72. g5 Kd4 73. Kxg7 c3 74. f6 Rf1 75. f7 Rf5 76. f8=Q 1-0

[Event "*** Titled Tuesday Blitz"]
[Site "Chess.com"]
[Date "2021.03.02"]
[Round "1"]
[White "Vuk2000"]
[Black "LogoCzar"]
[Result "1-0"]
[WhiteElo "2670"]
[BlackElo "2351"]
[TimeControl "180+1"]
[EndTime "10:09:03 PST"]
[Termination "Vuk2000 won by checkmate"]

1. d4 d5 2. Bf4 c5 3. e3 Nc6 4. c3 Nf6 5. Nd2 Bf5 6. Ngf3 Qb6 7. Qb3 c4 8. Qxb6 axb6 9. a3 b5 10.
Rc1 h6 11. h3 e6 12. g4 Bh7 13. Ne5 Nxe5 14. Bxe5 Nd7 15. Bc7 Rc8 16. Ba5 Ra8 17. Bc7 Rc8 18. Bg3 Nb6 19. Ra1 Na4 20. Ra2 Kd7 21.
Be2 Be7 22. O-O h5 23. gxh5 Bf5 24. Bg4 Bd3 25. Re1 f5 26. Bd1 Rcg8 27. Nf3 Bf6 28. Kh2 Ke7 29. Ne5 Bxe5 30. Bxe5 Rh6 31. Rg1 Bb1 32.
Ra1 Bd3 33. Bxg7 Rh7 34. Bxa4 bxa4 35. h6 b5 36. Kg3 Rxh6 37. Kh2 Rh7 38. Be5 Rxg1 39.
Rxg1 Kf7 40. Rg5 Be2 41. Kg2 Bd3 42. f3 Bc2 43. Bf4 Bd3 44. Be5 Bc2 45. Kg3 Bd3 46. h4 Bc2 47. h5 Bd3 48. Kh4 Be2 49. Rg3 Bd1 50. Kg5 Be2 51. h6 Bd1 52. Bg7 Be2 53. Kf4 Bd1 54. Ke5 Ke7 55. e4 fxe4 56. fxe4 dxe4 57.
Kxe4 Bc2+ 58. Ke5 Bd3 59. Rf3 Bc2 60. Rf6 Bf5 61. Rxf5 exf5 62. Kxf5 Kf7 63. d5 Ke7 64. Kg6 Rxg7+ 65. Kxg7 b4 66. h7 bxa3 67. bxa3 Kd6 68.
h8=Q Kxd5 69. Qh4 Kc5 70. Qd4+ Kb5 71. Kf6 Ka5 72. Qxc4 Kb6 73. Ke7 Ka5 74. Qb4+ Ka6 75. Kd7 Ka7 76. Kc7 Ka6 77. Qxa4# 1-0

[Event "*** Titled Tuesday Blitz"]
[Site "Chess.com"]
[Date "2021.03.02"]
[Round "1"]
[White "ludogoretz"]
[Black "Stouuf"]
[Result "0-1"]
[WhiteElo "2318"]
[BlackElo "2623"]
[TimeControl "180+1"]
[EndTime "10:09:03 PST"]
[Termination "Stouuf won by checkmate"]

1. d4 Nf6 2. Bf4 g6 3. e3 Bg7 4. Nf3 O-O 5. Bd3 c5 6. c3 d6 7. h3 cxd4 8. exd4 Nc6 9. O-O Qb6 10. Qe2 Re8 11. Na3 Be6 12. Rfe1 Bd5 13. Be3 a6 14. Bc4 Rac8 15. Bg5 Bxc4 16. Nxc4 Qc7 17. Ne3 e6 18. Qd3 d5 19. Bxf6 Bxf6 20. Ng4 Bg7 21. Nge5 Nxe5 22.
Nxe5 b5 23. a3 Rb8 24. Re3 a5 25. Rae1 b4 26. axb4 axb4 27. Rf3 Bxe5 28. Rxe5 bxc3 29. bxc3 Rec8 30. h4 Rb3 31. Ree3 Qc4 32. Qd2 Rb1+ 33. Re1 Rcb8 34. g3 R8b2 35. Qe3 Qb3 36. Kg2 Qc2 37. Rxb1 Rxb1 38. Qf4 Qf5 39. Qc7 Rg1+ 40. Kxg1 Qxf3 41. Qb8+ Kg7 42. Qb2 Qe4 43. Qd2 h6 44. Kh2 Qf5 45. Qe3 g5 46. hxg5 hxg5 47. Kg2 Kg6 48. Qd2 f6 49. f3 g4 50. f4 Qe4+ 51. Kh2 Kf5 52.
Qf2 Qd3 53. Qe1 Qe4 54. Qf2 Qb1 55. Kg2 Qd3 56. Kh2 Qxc3 57. Kg2 Qd3 58. Kh2 Qe4 59. Qd2 e5 60. dxe5 fxe5 61. fxe5 Kxe5 62. Qg5+ Kd4 63. Qf6+ Kd3 64. Qa6+ Ke3 65. Qa3+ Qd3 66. Qc5+ Ke2 67. Qe7+ Qe3 68. Qd6 d4 69. Qa6+ d3 70. Qa2+ d2 71.
Qc4+ Kf2 72. Qf7+ Qf3 73. Qa7+ Ke1 74. Qa5 Ke2 75. Qb5+ Kf2 76. Qf1+ Ke3 77. Qg1+ Qf2+ 78. Qxf2+ Kxf2 79. Kh1 d1=Q+ 80. Kh2 Qg1# 0-1

[Event "*** Titled Tuesday Blitz"]
[Site "Chess.com"]
[Date "2021.03.02"]
[Round "1"]
[White "Chandradi"]
[Black "DenishevM"]
[Result "1/2-1/2"]
[WhiteElo "2322"]
[BlackElo "2612"]
[TimeControl "180+1"]
[EndTime "10:09:04 PST"]
[Termination "Game drawn - insufficient material"]

1. c4 Nf6 2. g3 e5 3. Bg2 Nc6 4. Nc3 Bb4 5. Nd5 Bc5 6. d3 Nxd5 7. cxd5 Ne7 8. Nf3 d6 9. Nd2 O-O 10. O-O c6 11. dxc6 bxc6 12. Rb1 Be6 13. b4 Bb6 14. Qc2 Rc8 15. Nc4 Bc7 16. Bb2 Qd7 17. Rfc1 Ng6 18. Nd2 Bd8 19. Bxc6 Qe7 20. b5 Bxa2 21. Ra1 Be6 22. Qa4 Bb6 23. d4 Bd7 24. Nc4 Bxc6 25. Nxb6 axb6 26. bxc6 exd4 27. Qxd4 f6 28. Qxb6 Qxe2 29. c7 Kh8 30. Re1 Qf3 31. Qxd6 Qb7 32. Ba3 Rxc7 33. Rab1 Qc8 34. h4 Rg8 35. Rbc1 Rxc1 36.
Rxc1 Qg4 37. Qb4 Qh3 38. Qe4 Ne5 39. Bd6 Ng6 40. Rc7 Rb8 41. Rxg7 Kxg7 42. Bxb8 Qd7 43. Bf4 Qd1+ 44. Kg2 Qd7 45. Qf3 Qf5 46. Be3 Qe5 47. h5 Ne7 48. h6+ Kf7 49. Bf4 Qf5 50. g4 Qg6 51.
Qg3 Nd5 52. Qb3 Qe4+ 53. f3 Qd4 54. Bg3 Kg6 55. Qc2+ Kf7 56. Qf2 Ne3+ 57. Kh3 Qd3 58. Bf4 Nd5 59. Bg3 Qg6 60. Qd2 Ke6 61. Qe2+ Kd7 62.
Qd2 Qf7 63. Kg2 Qe6 64. Qd4 Ke8 65. Bf2 Kf7 66. Qe4 Qxe4 67. fxe4 Nc3 68. Kf3 Nd1 69. Bd4 Kg6 70. Be3 Nc3 71. Bf4 Nb5 72. Kg3 Nd4 73. e5 fxe5 74. Bxe5 Ne6 75. Bf4 Nxf4 76. Kxf4 Kxh6 77. Kf5 Kg7 78. Kg5 h6+ 79. Kh5 Kh7 80. g5 hxg5 81. Kxg5 1/2-1/2

[Event "*** Titled Tuesday Blitz"]
[Site "Chess.com"]
[Date "2021.03.02"]
[Round "1"]
[White "frankshar"]
[Black "Skillcam"]
[Result "1-0"]
[WhiteElo "2326"]
[BlackElo "2592"]
[TimeControl "180+1"]
[EndTime "10:09:04 PST"]
[Termination "frankshar won by resignation"]

1. d4 Nf6 2. c4 e6 3. Nf3 d5 4. Nc3 a6 5. cxd5 exd5 6. Bf4 Be6 7. e3 Bd6 8. Bxd6 Qxd6 9. Bd3 Nbd7 10. O-O O-O 11. Qe2 h6 12. Rfc1 c5 13. dxc5 Nxc5 14.
Nd4 Bg4 15. Qf1 Rfe8 16. h3 Bd7 17. Rd1 b5 18. a3 Rac8 19. Rac1 Qe5 20. Bb1 Qg5 21.
Kh1 Qh5 22. Qe2 Bg4 23. f3 Bd7 24. b4 Ne6 25. Nxe6 Bxe6 26. Kg1 Rc4 27. Ba2 Rc7 28. Qd2 Rec8 29. Ne2 Bxh3 30. Rxc7 Rxc7 31. Nf4 Qf5 32. Bb1 Qe5 33. Nxh3 g5 34. Nf2 Re7 35. Re1 Kg7 36. Nd3 Qg3 37. Nf2 Qd6 38. Qd3 Qe5 39. Rd1 h5 40.
Qd4 Qxe3 41. Qxe3 Rxe3 42. Nd3 g4 43. Kf2 d4 44. Re1 Nd5 45. Ba2 Rxd3 46. Bxd5 Rxa3 47. fxg4 hxg4 48. Re4 g3+ 49. Ke2 d3+ 50. Kd2 a5 51. bxa5 Rxa5 52. Rg4+ Kf6 53. Rxg3 Ke5 54. Bxf7 b4 55.
Rxd3 Ra7 56. Bb3 Rg7 57. g3 Ke4 58. Ke2 Ke5 59. Kf3 Rg6 60. Rd5+ Ke6 61. Rg5+ Kf6 62. Rxg6+ Kxg6 63. Kg4 Kf6 64. Kh5 Kg7 65. Kg5 Kh7 66.
Kf6 Kh8 67. Kg5 Kh7 68. Bc2+ Kg7 69. g4 Kf7 70. Kh6 Kg8 71. g5 Kh8 72. g6 b3 73.
g7+ 1-0

[Event "*** Titled Tuesday Blitz"]
[Site "Chess.com"]
[Date "2021.03.02"]
[Round "1"]
[White "Dedic8"]
[Black "Lysiak_Poltorak"]
[Result "0-1"]
[WhiteElo "2822"]
[BlackElo "2443"]
[TimeControl "180+1"]
[EndTime "10:09:11 PST"]
[Termination "Lysiak_Poltorak won on time"]

1. e4 c6 2. d4 d5 3. Nc3 dxe4 4.
Nxe4 Bf5 5. Ng3 Bg6 6. h4 h6 7. Nf3 Nd7 8. h5 Bh7 9. Bd3 Bxd3 10. Qxd3 e6 11. Bd2 Ngf6 12. O-O-O Be7 13. Ne4 Nxe4 14.
Qxe4 Nf6 15. Qe2 Qd5 16. c4 Qe4 17. Qxe4 Nxe4 18. Be3 f5 19. Rhe1 Bf6 20. Re2 Rd8 21.
Bf4 Kf7 22. Kc2 Rd7 23. Ne5+ Bxe5 24. Bxe5 Rhd8 25. f3 Nf6 26. Rh1 a5 27. Kc3 b6 28.
b3 c5 29. dxc5 bxc5 30. Bf4 Rd4 31. Be3 Rd3+ 32. Kc2 e5 33. Bxc5 e4 34. Bb6 Rb8 35.
fxe4 fxe4 36. Bxa5 Ra8 37. b4 Re8 38. Rf1 Rd4 39. Kb3 e3 40. Rf3 Rde4 41. Bb6 R8e6 42. Rexe3 Rxe3+ 43. Bxe3 Rd6 44. Bc5 Rd1 45. b5 Ke6 46. a4 Ne4 47. Bb4 Rb1+ 48. Ka3 Ke5 49. Rd3 Nf2 50. Rd5+ Ke4 51. b6 Nd3 52. Rxd3 Kxd3 53.
b7 Kc2 54. Bc5 Kc3 55. Ka2 Rb2+ 56. Ka3 Rxb7 57. Bf8 Kxc4 58. a5 Kb5 59. Bb4 Rd7 60.
Bc3 Rd3 61. Kb2 Rg3 62. Kb3 Rxg2 63. a6 Kxa6 64. Kc4 Rg5 65. Bd4 Rxh5 66. Bxg7 Rh3 67.
Kd5 h5 68. Ke4 Kb5 69. Kf4 Kc4 70. Bf6 Kd3 71. Kg5 Rh1 72. Be5 Ke4 73. Bc7 h4 74.
Kg4 h3 75. Bg3 Ke3 76. Bc7 h2 0-1

[Event "*** Titled Tuesday Blitz"]
[Site "Chess.com"]
[Date "2021.03.02"]
[Round "1"]
[White "mbojan"]
[Black "Bongcloudtransvestit"]
[Result "1-0"]
[WhiteElo "2626"]
[BlackElo "2315"]
[TimeControl "180+1"]
[EndTime "10:09:12 PST"]
[Termination "mbojan won by checkmate"]

1. e4 c5 2. Ke2 e6 3. d3 a6 4.
c3 d6 5. Nf3 b5 6. g3 Bb7 7.
Nbd2 Nd7 8. Bg2 g6 9. Re1 Bg7 10. Kf1 Ne7 11. Kg1 O-O 12. h4 h6 13. Nf1 Qc7 14.
N1h2 Kh7 15. Ng4 Ne5 16. Nfxe5 dxe5 17. h5 g5 18. Qe2 Rad8 19. b3 Nc6 20. Bb2 b4 21.
Rac1 Qa5 22. Ba1 Qb5 23. Red1 Rd7 24. Qf3 f5 25. Ne3 f4 26. Nc4 bxc3 27. Bxc3 Nd4 28.
Bxd4 cxd4 29. Qe2 Qb4 30. Bh3 Qe7 31. Bg4 Qf7 32. Rf1 Qe7 33. Na5 Ba8 34. Rc2 Qa3 35.
Bxe6 Re7 36. Nc4 Qb4 37. Bg4 Qb8 38. Bf5+ Kh8 39. g4 Qa7 40. f3 a5 41. a4 Rb8 42.
Rb1 Rb4 43. Na3 Bb7 44. Nb5 Qb6 45. Qd2 Ba6 46. Rc4 Bxb5 47. Rxb4 axb4 48. Qxb4 Rb7 49. Qxb5 Qxb5 50. axb5 Rxb5 51. Be6 Bf8 52. Bc4 Rb4 53. Ra1 Bc5 54. Ra5 Bd6 55. Ra6 Bc7 56. Rxh6+ Kg7 57. Rg6+ Kh7 58. Rxg5 Rb6 59. Rg6 Rb7 60. Rc6 Ra7 61. b4 Ra1+ 62. Kg2 Ra2+ 63. Kf1 Ra1+ 64.
Ke2 Kg7 65. Rxc7+ Kf6 66. h6 Rb1 67. h7 Rb2+ 68. Kd1 Rb1+ 69. Kc2 Rh1 70. b5 Rh2+ 71. Kb3 Rh1 72. Kb4 Rb1+ 73. Kc5 Ra1 74. h8=Q+ Kg5 75. Qg7+ Kh4 76. Qxe5 Kg3 77. Qxd4 Ra6 78. bxa6 Kg2 79.
a7 Kg3 80. a8=Q Kg2 81. Qa2+ Kg3 82. Qdf2+ Kh3 83. Rh7# 1-0

[Event "*** Titled Tuesday Blitz"]
[Site "Chess.com"]
[Date "2021.03.02"]
[Round "1"]
[White "FLamps8"]
[Black "GM4life"]
[Result "1-0"]
[WhiteElo "2652"]
[BlackElo "2340"]
[TimeControl "180+1"]
[EndTime "10:09:14 PST"]
[Termination "FLamps8 won by resignation"]

1. d4 Nf6 2. Bf4 d5 3. e3 c5 4. c3 Nc6 5. Nd2 Bf5 6. Qb3 Qc8 7. Ngf3 c4 8. Qd1 h6 9. Be2 e6 10. Ne5 Be7 11. O-O O-O 12. Bf3 Nxe5 13. Bxe5 b5 14. Qe2 Bd3 15. Qd1 Bxf1 16. Qxf1 a5 17. e4 Rd8 18. Re1 b4 19. g3 Ra6 20. Qg2 Qd7 21.
exd5 exd5 22. Nf1 bxc3 23. bxc3 Ng4 24. Bxg7 Kxg7 25. Bxg4 Qxg4 26. Rxe7 Re6 27. Ne3 Qe2 28. Rxe6 fxe6 29. Qh3 Qe1+ 30. Kg2 Rf8 31. Qg4+ Kh7 32. Qxe6 Qxf2+ 33. Kh3 Rf6 34. Qd7+ Rf7 35. Qxd5 Kg7 36. Qe5+ Kg8 37. Ng4 Qf1+ 38. Kh4 Kh7 39. Qe6 h5 40. Qh6+ Kg8 41. Qg6+ Kf8 42. Qd6+ Ke8 43. Qe5+ Kf8 44. Qxh5 Qd3 45. Qh8+ Ke7 46. Qe5+ Kf8 47. Qd6+ Ke8 48. Qe6+ Kf8 49. Qh6+ Ke7 50. Qg5+ Kf8 51. Qc5+ Kg8 52. Nh6+ Kg7 53. Qg5+ Kf8 54. Nxf7 Kxf7 55. Qf4+ Ke7 56. Qg5+ Kd7 57. Qb5+ Kd6 58. Qb6+ Kd7 59. Qb7+ Kd8 60. Qb6+ Ke8 61. Qe6+ Kf8 62. Qf6+ Ke8 63. Qh8+ Ke7 64.
Qe5+ Kf8 65. d5 Qh7+ 66. Kg4 Qg6+ 67. Kf4 Qh6+ 68. Qg5 Qxh2 69. Qf5+ Ke8 70. Qe4+ Kf8 71. Qxc4 Qf2+ 72. Ke4 Qe1+ 73. Kd4 Qf2+ 74. Ke5 Qxg3+ 75. Qf4+ Qxf4+ 76. Kxf4 Ke7 77. Ke4 Kd7 78. Kd4 a4 79. Kc4 a3 80. Kb4 Kd6 81. c4 Ke5 82. Kxa3 Kd6 83.
Kb4 Kc7 84. a4 Kb6 85. a5+ Ka6 86. d6 Kb7 87. d7 Kc6 88. a6 Kb6 89. d8=Q+ Kxa6 90. Qd6+ Kb7 91. Kb5 Ka8 92. Qe7 Kb8 93. Kb6 Ka8 1-0

[Event "*** Titled Tuesday Blitz"]
[Site "Chess.com"]
[Date "2021.03.02"]
[Round "1"]
[White "Niktlt"]
[Black "Fy_Rakotomaharo"]
[Result "0-1"]
[WhiteElo "2398"]
[BlackElo "2745"]
[TimeControl "180+1"]
[EndTime "10:09:17 PST"]
[Termination "Fy_Rakotomaharo won on time"]

1. c4 e5 2. Nc3 Bb4 3. Nd5 a5 4.
g3 Nf6 5. Nxb4 axb4 6. Bg2 O-O 7.
Nf3 e4 8. Nd4 Nc6 9. Nb3 d5 10.
cxd5 Qxd5 11. O-O Qh5 12. d3 Bh3 13. dxe4 Bxg2 14. Kxg2 Nxe4 15. Qc2 Rfe8 16. f3 Nd6 17. Bf4 Nb5 18. e4 Nbd4 19. Nxd4 Nxd4 20. Qc4 Ne6 21. Be3 c5 22. Rad1 b6 23. Rd5 Qg6 24. Rfd1 Qf6 25. R1d2 h6 26. Qb5 Rec8 27. e5 Qg6 28.
Qc4 b5 29. Qxb5 Nc7 30. Qxc5 Nxd5 31. Qxd5 Rab8 32. Bf2 Rc2 33. a4 bxa3 34. bxa3 Rbb2 35. Rxc2 Qxc2 36. Qd4 Ra2 37. g4 Kh7 38. h3 Rxa3 39.
Qf4 Ra2 40. Qe3 g5 41. Qd4 Qe2 42. Qc5 Rc2 43. Qa7 Kg7 44. Qd4 Rd2 45. Qc5 Rd3 46. Qc6 Qxe5 47. Qc2 Qd5 48. Qb2+ Kh7 49. Qe2 Rd2 50. Qe3 Qd3 51. Qe7 Qg6 52. Qe3 Rd3 53. Qe7 Qe6 54. Qb7 Qd5 55. Qxd5 Rxd5 56. h4 Rd2 57. hxg5 hxg5 58. Kg3 Kg6 59. Be3 Rd3 60.
Kf2 Ra3 61. f4 gxf4 62. Bxf4 Kf6 63. Ke2 Ke6 64. Be3 Kd5 65. Kf3 Rb3 66. Kf4 Rb4+ 67.
Kf5 Rb1 68. Bf4 Rf1 69. Kg5 Ke4 70.
Bc7 Kf3 71. Be5 Kg2 72. Bf6 Kh3 73. Be5 Rd1 74. Bf4 Rd5+ 75. Kf6 Kxg4 76. Be3 Rf5+ 77. Kg7 Kf3 78. Bd4 Ke4 79. Bf6 Kd5 80. Kxf7 Rf3 81.
Kg6 Ke6 82. Bg5 Rg3 0-1

[Event "*** Titled Tuesday Blitz"]
[Site "Chess.com"]
[Date "2021.03.02"]
[Round "1"]
[White "azikom"]
[Black "GUST_b"]
[Result "1/2-1/2"]
[WhiteElo "2678"]
[BlackElo "2370"]
[TimeControl "180+1"]
[EndTime "10:09:22 PST"]
[Termination "Game drawn by repetition"]

1. d4 Nf6 2. Nf3 d5 3. Bf4 e6 4. e3 Bd6 5. Bg3 O-O 6. Nbd2 c5 7. c3 Qc7 8. Bd3 Nbd7 9. O-O e5 10. e4 exd4 11.
cxd4 Bxg3 12. hxg3 dxe4 13. Nxe4 Nxe4 14. Bxe4 Nf6 15.
Bd3 cxd4 16. Rc1 Qb6 17. Qd2 Rd8 18. Rfe1 Bg4 19. a3 Bxf3 20. gxf3 Rac8 21. Kg2 h6 22. Re7 Rxc1 23. Qxc1 Re8 24. Rxe8+ Nxe8 25. Qc8 Qc6 26. Qd8 a6 27. Be4 Qb5 28. b4 Kf8 29.
Qxd4 a5 30. Qc5+ Qxc5 31. bxc5 Nc7 32. Bxb7 Nb5 33. a4 Nc3 34. Bc6 Ke7 35. Kf1 Kd8 36.
Ke1 Kc7 37. Be8 f6 38. Kd2 Nd5 39. Kd3 g5 40. Kd4 Ne7 41. Ke4 Kb7 42. f4 Kc7 43. fxg5 hxg5 44. Kd4 Kb7 45. Bb5 Kc7 46. Bd3 Kb7 47.
Be4+ Kc7 48. Kc4 f5 49. Bf3 Ng6 50. Kb5 Ne5 51. Be2 Nc6 52. Kc4 Ne5+ 53. Kd5 Nd7 54. Bd3 f4 55. g4 Nf6+ 56. Kd4 Nxg4 57. f3 Ne3 58. Be2 Nc2+ 59. Ke5 Kc6 60. Kf6 Nd4 61.
Bd1 Kxc5 62. Kxg5 Ne6+ 63. Kf5 Kd6 64. Kf6 Nc5 65. Kf5 Ne6 66. Kg6 Nd4 67. Kg5 Ke5 68. Kg4 Nc6 69. Bb3 Nb4 70. Kg5 Nd3 71. Kg4 Nc5 72. Bc2 Ne6 73. Bb3 Nd4 74. Bd1 Nc6 75. Bb3 Nd8 76. Bd1 Nb7 77. Bc2 Nd6 78. Bd1 Ne8 79.
Bb3 Nf6+ 80. Kg5 Nd7 81. Bd1 Nb8 82. Kg4 Na6 83. Kg5 Nb4 84. Kg4 Na2 85. Kg5 Nc3 86. Bc2 Ne2 87. Kg4 Nd4 88. Bd1 1/2-1/2

[Event "*** Titled Tuesday Blitz"]
[Site "Chess.com"]
[Date "2021.03.02"]
[Round "1"]
[White "AleksanderHnydiuk"]
[Black "WonderChampion"]
[Result "1/2-1/2"]
[WhiteElo "2489"]
[BlackElo "2095"]
[TimeControl "180+1"]
[EndTime "10:09:25 PST"]
[Termination "Game drawn - insufficient material"]

1. d4 d5 2. c4 e6 3. Nc3 c6 4. e4 dxe4 5. Nxe4 Nf6 6. Nxf6+ Qxf6 7. Nf3 Bb4+ 8. Bd2 Bxd2+ 9. Qxd2 O-O 10. Bd3 Nd7 11. O-O e5 12. Ng5 g6 13. Ne4 Qg7 14.
dxe5 Nxe5 15. Be2 Bf5 16. Nd6 Rfd8 17. Qb4 Qf8 18. Rfd1 a5 19. Qxb7 Rab8 20. Qc7 Rd7 21. Qxa5 Rxd6 22. Qxe5 Rxd1+ 23. Rxd1 Re8 24. Qc7 Rxe2 25.
h3 Qc5 26. Qg3 Qxc4 27. Rd8+ Kg7 28. Qd6 Be6 29. Qf8+ Kf6 30. Qh8+ Kg5 31. Rd1 Qf4 32. Rf1 Bd5 33. Qd8+ Qf6 34. Qb8 Qe6 35. Qg3+ Kf6 36. a4 Qe5 37. Qh4+ Kg7 38. a5 Qe4 39. Qxe4 Rxe4 40. Ra1 Re8 41. a6 Ra8 42. a7 Kf8 43. b4 Ke7 44. f3 Kd7 45. Kf2 Kc7 46. Ke3 Kb7 47. Kd4 Rxa7 48. Re1 Kb6 49. Re8 Rd7 50.
Ke5 Be6 51. Kf6 Rd5 52. Kg7 h5 53. Rb8+ Kc7 54. Ra8 Rb5 55. Ra4 Kd6 56. Kf6 Kd5 57. g4 hxg4 58. fxg4 Kc4 59. Ra6 Kd5 60. Ra4 c5 61. bxc5 Rxc5 62. Ra1 Rc6 63. Rd1+ Kc5 64. Kg7 Kb6 65. Rg1 Rc5 66. h4 Rc4 67. h5 gxh5 68.
gxh5 Rh4 69. h6 Bf5 70. Kxf7 Rxh6 71. Rf1 Be6+ 72. Kg7 Rh3 73. Rf6 Re3 74. Kf8 Kc5 75.
Ke7 Bd5+ 76. Kd7 Rd3 77. Rf5 Re3 78. Rf6 Kd4 79. Rf4+ Re4 80. Rxe4+ Kxe4 1/2-1/2

[Event "*** Titled Tuesday Blitz"]
[Site "Chess.com"]
[Date "2021.03.02"]
[Round "1"]
[White "DinaBelenkaya"]
[Black "Mr_Sinigami"]
[Result "0-1"]
[WhiteElo "2307"]
[BlackElo "2611"]
[TimeControl "180+1"]
[EndTime "10:09:36 PST"]
[Termination "Mr_Sinigami won by checkmate"]

1. e4 d5 2. exd5 Nf6 3. Nf3 Nxd5 4. d4 g6 5. c4 Nb6 6. c5 Nd5 7. Bc4 Bg7 8. O-O O-O 9. h3 b6 10. Na3 Bb7 11. Qe2 Nc6 12. Rd1 h6 13. Nc2 e6 14.
Bd2 bxc5 15. dxc5 Qe7 16. Bxd5 exd5 17. Qxe7 Nxe7 18. Ncd4 Rfe8 19. Be3 Rab8 20. Rab1 Bc8 21. b4 Bf5 22. Rb3 c6 23. a4 a6 24. Kf1 Be4 25. g4 Rec8 26. Nd2 Bxd4 27. Bxd4 Bc2 28. Rdb1 Bxb3 29. Rxb3 Re8 30. Be5 Rb7 31. f4 g5 32.
Nf3 Ng6 33. Bd6 Nxf4 34. Nd4 Rc8 35. Nf5 Kh7 36. Ne7 Rxe7 37. Bxe7 Re8 38. Bd6 Ne2 39. Rb2 Nd4 40. Rd2 Ne6 41. Rf2 Kg6 42. Kg2 f6 43.
Rf3 Rd8 44. Rf1 Rd7 45. Rb1 Rb7 46. Kf2 Nd4 47. Ke3 Rxb4 48. Rxb4 Nc2+ 49. Kd2 Nxb4 50. Kc3 Na2+ 51. Kc2 f5 52. gxf5+ Kxf5 53. Bg3 h5 54.
Be1 g4 55. hxg4+ Kxg4 56. Kb2 Nb4 57. Bxb4 h4 58. Bc3 Kf5 59. Be1 h3 60. Bg3 Kg4 61. Bd6 Kf3 62. Kc3 a5 63. Bc7 Kg2 64. Kd4 h2 65. Bxh2 Kxh2 66. Ke5 Kg3 67. Kd6 d4 68. Kxc6 d3 69. Kb7 d2 70. c6 d1=Q 71. c7 Qb3+ 72. Ka8 Qc4 73. Kb8 Qb4+ 74. Ka8 Qc5 75. Kb8 Qb6+ 76. Ka8 Qc6+ 77. Kb8 Qxa4 78. c8=Q Qb5+ 79. Ka8 Kf3 80. Qf8+ Ke4 81. Qe7+ Kd4 82. Qh4+ Kc3 83. Qg3+ Kb4 84. Qe1+ Kc4 85. Qc1+ Kd5 86. Qd2+ Kc6 87. Qg2+ Qd5 88. Qc2+ Kb6+ 89. Kb8 Qb7# 0-1

[Event "*** Titled Tuesday Blitz"]
[Site "Chess.com"]
[Date "2021.03.02"]
[Round "1"]
[White "chigorin28"]
[Black "Chopper1905"]
[Result "1/2-1/2"]
[WhiteElo "2476"]
[BlackElo "2949"]
[TimeControl "180+1"]
[EndTime "10:09:43 PST"]
[Termination "Game drawn by repetition"]

1. e4 c5 2. Nf3 e6 3. c3 Nf6 4.
e5 Nd5 5. d4 cxd4 6. cxd4 d6 7.
Bd3 dxe5 8. Nxe5 Nc6 9. Nxc6 bxc6 10. O-O Be7 11. Nc3 O-O 12. Re1 Bf6 13. Bb1 Nxc3 14. bxc3 Ba6 15. Qf3 c5 16. Be4 Rc8 17. Ba3 Be7 18.
Rad1 Qa5 19. Bc1 cxd4 20. cxd4 Qxa2 21. Qh3 g6 22. Bh6 Rfd8 23. Ra1 Qc4 24. Be3 Bb5 25.
Rec1 Qb4 26. Rcb1 Qc3 27. Rxa7 Bd3 28. Bxd3 Qxd3 29. Raa1 Bf6 30. Rd1 Qc2 31. Qf3 Qf5 32. Qe2 h5 33. h3 Kg7 34. Qd2 Rc2 35. Qe1 Rd5 36. Rd2 Rxd2 37. Qxd2 Qe4 38. Qc3 Bxd4 39.
Bxd4+ Qxd4 40. Qxd4+ Rxd4 41. Re1 h4 42. Re2 g5 43.
Kh2 Rd6 44. g3 hxg3+ 45. fxg3 Rd4 46. Kg2 Kg6 47. Kf3 Ra4 48. Re3 Ra5 49. Rd3 f5 50. Re3 Kf6 51. Rc3 Ra4 52. Rb3 Ra1 53. Rc3 Rh1 54.
Kg2 Rd1 55. Rb3 Ke5 56. Kf3 Kd4 57. Rb4+ Kc5 58. Rb3 Kc4 59. Ra3 Rd3+ 60. Rxd3 Kxd3 61. h4 gxh4 62. gxh4 e5 63. h5 e4+ 64. Kf4 e3 65. h6 e2 66. h7 e1=Q 67. h8=Q Qe4+ 68. Kg3 Qe3+ 69. Kg2 f4 70. Qd8+ Ke4 71. Qe7+ Kd3 72. Qd6+ Ke2 73. Qa6+ Ke1 74. Qf1+ Kd2 75. Qf2+ Qe2 76.
Kg1 f3 77. Qd4+ Kc2 78. Qc5+ Kd3 79. Qb5+ Ke3 80. Qe5+ Kd2 81. Qd4+ Kc1 82. Qa1+ Kc2 83. Qa2+ Kd3 84. Qd5+ Kc3 85. Qc5+ Kb3 86. Qb6+ Kc3 87.
Qc5+ Kb3 88. Qb6+ Ka4 89. Qa7+ Kb5 90. Qb7+ Kc5 91. Qc7+ Kd5 92. Qd7+ Kc4 93. Qc6+ Kd4 94. Qd6+ Ke3 95. Qe5+ Kd3 96. Qd5+ Kc3 97. Qc5+ 1/2-1/2

[Event "*** Titled Tuesday Blitz"]
[Site "Chess.com"]
[Date "2021.03.02"]
[Round "1"]
[White "ChristopherYoo"]
[Black "jerry_77"]
[Result "1/2-1/2"]
[WhiteElo "2899"]
[BlackElo "2459"]
[TimeControl "180+1"]
[EndTime "10:09:48 PST"]
[Termination "Game drawn by repetition"]

1. d4 Nf6 2. Nf3 e6 3. c4 d5 4. Nc3 Bb4 5. Qb3 Nc6 6. a3 Bxc3+ 7. Qxc3 O-O 8. Bg5 h6 9. Bxf6 Qxf6 10. e3 Ne7 11.
Be2 c6 12. O-O Re8 13. b4 Ng6 14. Rfd1 Bd7 15. Rac1 a5 16. bxa5 Ra7 17. cxd5 exd5 18. Rb1 Rea8 19. a6 b5 20. a4 Rxa6 21. axb5 Ra3 22.
Qc5 Ra2 23. bxc6 Bxc6 24. Bb5 Nh4 25. Nxh4 Qxf2+ 26. Kh1 Bxb5 27. Qxb5 Qxh4 28. Qxd5 Qf2 29. Rf1 Qxe3 30. Qxf7+ Kh8 31. d5 Qe4 32. Qf3 Qxf3 33. gxf3 Rd8 34. Rfd1 Ra5 35. d6 Ra6 36. d7 Ra7 37.
Kg2 Raxd7 38. Rxd7 Rxd7 39. Kg3 Kh7 40. h4 h5 41. Rb5 Kh6 42. Rb6+ g6 43. Rb8 Rd1 44.
Kf4 Rh1 45. Kg3 Rg1+ 46. Kh2 Ra1 47. Rb7 Ra4 48. Kg3 Ra5 49. Rb8 Rf5 50. Rh8+ Kg7 51. Ra8 Kf6 52. Rf8+ Ke5 53. Rg8 Kf6 54. Kf2 Ra5 55.
Rf8+ Kg7 56. Rb8 Ra2+ 57. Kg3 Rc2 58. Rb5 Kh6 59. Rd5 Re2 60. Rc5 Re6 61. Rb5 Rf6 62. Rb8 Rf7 63. Rh8+ Kg7 64. Re8 Rf6 65. Re7+ Kh6 66.
Re5 Rd6 67. Kf2 Rb6 68. Re4 g5 69. hxg5+ Kxg5 70. Kg3 Rb5 71. Rd4 Rf5 72. f4+ Kg6 73. Rd6+ Kg7 74. Rd4 Ra5 75. Kh4 Kf6 76. Rd8 Kg6 77.
Rg8+ Kf6 78. Rf8+ Kg7 79. Rd8 Kg6 80. Rf8 Rb5 81. Rg8+ Kf6 82. Rh8 Kg6 83. Rc8 Rb4 84. Rf8 Rb1 85. Ra8 Rh1+ 86. Kg3 h4+ 87. Kg4 h3 88. Rh8 h2 89. Kg3 Rf1 90. Rxh2 Kf5 91.
Rh5+ Kf6 92. Kg4 Rg1+ 93. Kf3 Rf1+ 94. Kg3 Rg1+ 95. Kf2 Ra1 96. Rb5 Ra3 97. Kg2 Rc3 98. Rd5 Rb3 99. Kf2 Ra3 100. Ke2 Rb3 101. Re5 Rb4 102. Kf3 Rb1 103. Ra5 Rf1+ 104. Kg3 Rg1+ 105. Kf2 Rb1 106. Kf3 Rf1+ 107. Ke3 Rb1 108. Rc5 Re1+ 109. Kf2 Ra1 110. Re5 Ra3 111. Kg2 Rd3 112. Ra5 Rc3 113. Kf2 Rb3 114. Rd5 Rc3 115. Rg5 Rb3 116. Rd5 1/2-1/2